 Dungeon Crawl Stone Soup version 0.26-a0-576-gcfaa98f945 (webtiles) character file.

Game seed: 5543358098633070363

4 Ge0ff the Caller (level 1, 0/11 HPs)
             Began as a Gargoyle Summoner on Aug 22, 2020.
             Slain by a kobold (2 damage)
             ... on level 1 of the Dungeon.
             The game lasted 00:02:19 (303 turns).

Ge0ff the Caller (Gargoyle Summoner)                 Turns: 303, Time: 00:02:20

Health: 0/11       AC:  2    Str: 11    XL:     1   Next: 70%
Magic:  1/3        EV: 12    Int: 15    God:
Gold:   0          SH:  0    Dex: 10    Spells: 3/4 levels left

rFire    . . .     SeeInvis .   (no weapon)
rCold    . . .     Faith    .   (no shield)
rNeg     + . .     Spirit   .   (no armour)
rPois    ∞         Reflect  .   (no helmet)
rElec    +         Harm     .   (no cloak)
rCorr    .                      (no gloves)
MR       .....                  (no boots)
Stlth    ++........             (no amulet)
HPRegen  0.03/turn              (no ring)
MPRegen  0.08/turn              (no ring)

@: no status effects
A: negative energy resistance 1, electricity resistance, unbreathing,
petrification resistance, rot immunity, AC +2
a: no special abilities


You were on level 1 of the Dungeon.
You visited 1 branch of the dungeon, and saw 1 of its levels.

Inventory:

Missiles
 e - 21 stones (quivered) {don't train}
Armour
 a - a +0 robe {*no*}
Scrolls
 c - a scroll of fog {unknown}
Potions
 b - a potion of degeneration {unknown}
 d - a potion of invisibility {unknown}


   Skills:
 + Level 0.8 Fighting
 - Level 1.5 Dodging
 - Level 2.1 Stealth
 + Level 0.7 Unarmed Combat
 - Level 2.0 Spellcasting
 - Level 3.6 Summonings


You had 3 spell levels left.
You knew the following spells:

 Your Spells              Type           Power        Failure   Level
s - Summon Small Mammal   Summ           ##..         4%          1

Your spell library contained the following spells:

 Spells                   Type           Power        Failure   Level
 Call Imp                 Summ           ##......     8%          2
 Call Canine Familiar     Summ           ##......     16%         3
 Summon Guardian Golem    Hex/Summ       #.......     32%         3
 Summon Ice Beast         Ice/Summ       #.......     71%         4
 Summon Lightning Spire   Summ/Air       #.......     71%         4


Dungeon Overview and Level Annotations

Branches:
Dungeon (1/15)

Altars:


Innate Abilities, Weirdness & Mutations

You are resistant to torment.
Your stone body is resilient. (AC +2)
You are immune to poison.
You resist negative energy. (rN+)
You are resistant to electric shocks. (rElec)
You can survive without breathing.
You are immune to petrification.
You are immune to rotting.


Message History

The giant cockroach barely misses you.
Your bat hits the fungus.
The fungus begins to die.
Your bat hits the fungus.
The fungus begins to die.
The giant cockroach misses you.
Your bat hits the fungus.
The fungus begins to die.
You swap places.
Your bat hits the giant cockroach.
Your bat barely misses the giant cockroach.
The giant cockroach misses your bat.
Casting: Summon Small Mammal (safe; 4% risk of failure)
Confirm with . or Enter, or press ? or * to list all spells.
Your bat hits the giant cockroach but does no damage.
The giant cockroach bites your bat.
Your bat misses the giant cockroach.
Your bat hits the giant cockroach but does no damage.
The giant cockroach bites your bat.
Your rat closely misses the kobold.
Your bat hits the giant cockroach but does no damage.
The giant cockroach barely misses your bat.
Your bat closely misses the giant cockroach.
A nearby fungus withers and dies.
Your bat barely misses the giant cockroach.
The kobold hits you.
You die...

..................##.....#
........♣♣♣♣♣♣♣♣♣....†...#
.......♣......PP♣.########
.......♣...P..PP♣.##
.......♣P...PP..♣..###
.####..♣P..<.P..♣....#
##.♣..P..sbP♣.##.##
#.♣.rKP...P♣.#...#
..♣PP.@P...♣.....#
♣PP..PP..♣.##.##
♣♣♣♣♣♣♣♣♣..##.#
.........##.#
.##.####.##.# #..#.#
###.#.##### #.........#
#.........#


You could see a giant cockroach, a kobold, a friendly bat (summoned) and a
friendly rat (summoned).

Vanquished Creatures
  A goblin (D:1)
  2 rats (D:1)
3 creatures vanquished.

Vanquished Creatures (collateral kills)
  2 goblins (D:1)
  A kobold (D:1)
  A rat (D:1)
4 creatures vanquished.

Vanquished Creatures (others)
  5 fungi (D:1)
5 creatures vanquished.

Grand Total: 12 creatures vanquished

Notes
Turn   | Place    | Note
-------+----------+-------------------------------------------
     0 | D:1      | Ge0ff the Gargoyle Summoner began the quest for the Orb.
     0 | D:1      | Reached XP level 1. HP: 10/10 MP: 3/3
   303 | D:1      | Slain by a kobold

Illustrated notes

Levels and vault maps discovered:
D:1:      scummos_arrival_checkerplants, layout_rooms

Action                   || total
-------------------------++-------
Melee: Unarmed           ||    28
 Cast: Summon Small Mamm ||     7
Armor: Skin              ||     7
Dodge: Dodged            ||    14

Table legend: (Time is in decaauts)
 A = Elapsed time spent in this place.
 B = Non-inter-level travel time spent in this place.
 C = Inter-level travel time spent in this place.
 D = Time resting spent in this place.
 E = Time spent auto-exploring this place.
 F = Levels seen in this place.
 G = Mean time per level.
                   A        B        C        D        E       F      G
               +--------+--------+--------+--------+--------+-----+--------+
         Total |    302 |    302 |      0 |     95 |     71 |   1 |  302.0 |
       Dungeon |    302 |    302 |      0 |     95 |     71 |   1 |  302.0 |
               +--------+--------+--------+--------+--------+-----+--------+

Top non-repeatable levels by time:
     D:1: 302 daAuts
